 Dungeon Crawl Stone Soup version 0.30-a0-777-ga9a30cbeda (webtiles) character file.

Game seed: 10856359484951984912

686 mopl the Trooper (level 7, -1/54 HPs)
             Began as a Mummy Fighter on Feb 13, 2023.
             Slain by an ogre
             ... wielding a +0 giant club
              (14 damage)
             ... on level 4 of the Dungeon.
             The game lasted 00:04:49 (3154 turns).

mopl the Trooper (Mummy Fighter)                    Turns: 3154, Time: 00:04:49

Health: -1/54      AC: 13    Str: 21    XL:     7   Next: 35%
Magic:  7/7        EV:  6    Int:  7    God:
Gold:   161        SH:  4    Dex: 12    Spells: 6/6 levels left

rFire   x . .      SeeInvis .      - Unarmed
rCold   + . .      Faith    +    j - +0 buckler
rNeg    + + +      Spirit   .    m - +0 plate armour
rPois   ∞          Reflect  .    h - +0 helmet
rElec   .          Harm     .    (no cloak)
rCorr   +          Rampage  .    (no gloves)
Will    .....                    d - +0 pair of boots Stlth
                                 (no amulet)
HPRegen 0.29/turn                n - ring of resist corrosion
MPRegen 0.10/turn                (no ring)

@: no status effects
A: cold resistance 1, negative energy resistance 3, torment resistance 2, heat
vulnerability 1, in touch with death 1, no potions, faith
a: no special abilities


You were on level 4 of the Dungeon.
You visited 1 branch of the dungeon, and saw 4 of its levels.

You collected 161 gold pieces.

Inventory:

Hand Weapons
 b - a +1 antimagic spear
Missiles
 a - 4 curare-tipped darts
 k - 5 boomerangs
 o - 4 poisoned darts (quivered)
Armour
 d - a +0 pair of boots (worn)
 h - a +0 helmet (worn)
 j - a +0 buckler (worn)
 m - a +0 plate armour (worn)
Jewellery
 l - an amulet of magic regeneration
 n - a ring of resist corrosion (left hand)
Scrolls
 c - a scroll of identify
 e - a scroll of fear
 f - 2 scrolls of enchant weapon
 g - a scroll of poison
 i - a scroll of immolation
 p - 2 scrolls of vulnerability


   Skills:
 + Level 4.2 Fighting
 + Level 1.2 Throwing
 + Level 3.5 Armour
 + Level 2.2 Dodging
 + Level 3.6 Shields
 * Level 4.1 Unarmed Combat


You had 6 spell levels left.
You didn't know any spells.
Your spell library contained the following spells:

 Spells                   Type           Power      Damage    Failure   Level
 Magic Dart               Conj           0%         1d3       100%        1
 Call Imp                 Summ           0%         N/A       100%        2
 Mephitic Cloud           Conj/Pois/Air  0%         N/A       100%        3
 Petrify                  Tmut/Erth      0%         N/A       100%        4
 Irradiate                Conj/Tmut      0%         3d11      100%        5
 Sublimation of Blood     Necr           Unusable   N/A       N/A         2

Dungeon Overview and Level Annotations

Branches:
Dungeon (4/15)
 Temple: D:4-7

Altars:

Annotations:
D:4 Robin


Innate Abilities, Weirdness & Mutations

You are immune to poison.
Your flesh is cold resistant. (rC+)
You are immune to negative energy. (rN+++)
You are immune to unholy pain and torment.
You are vulnerable to heat. (rF-)
You are in touch with the powers of death.
You do not drink.
You have a special connection with the divine. (Faith)


Message History

The goblin barely misses you.
You punch the goblin!
You kill the goblin!
The hobgoblin hits you but does no damage.
The goblin hits you with a +0 dagger. You block the goblin's attack.
There are monsters nearby!
The hobgoblin attacks as you move away!
The hobgoblin hits you but does no damage.
Things that are here:
a +0 club; a +0 sling The goblin attacks as you move away!
You block the goblin's attack.
The goblin no longer looks unusually strong.
Robin flexes a bicep menacingly.
Robin throws the goblin at you! The goblin completely misses you.
The goblin attacks as you move away! The goblin hits you but does no damage.
The hobgoblin no longer looks unusually strong.
The goblin hits you but does no damage. The goblin attacks as you move away!
You block the goblin's attack.
The goblin no longer looks unusually strong.
The goblin attacks as you move away! The goblin hits you but does no damage.
The goblin attacks as you move away! The goblin completely misses you.
The goblin attacks as you move away!
The goblin hits you with a +1 dagger of speed.
The goblin no longer looks unusually strong.
Robin's bangles clink loudly.
Robin roars a battlecry!
The goblins go into a battle-frenzy!
An ogre comes into view. It is wielding a +0 giant club.
The goblin attacks as you move away! The goblin hits you but does no damage.
The ogre shouts!
The ogre hits you with a +0 giant club!
There are monsters nearby!
The goblin hits you with a +1 dagger of speed.
Robin laughs in a distinctly smug fashion.
The goblin hits you but does no damage. The goblin attacks as you move away!
The goblin hits you with a +1 dagger of speed.
* * * LOW HITPOINT WARNING * * *
The ogre attacks as you move away! The ogre hits you with a +0 giant club!
You die...

.........g.....##.......
#..........>..###....#.###.
................#........... ...#
##.......#g##.gg....##.....##.. .
##...........g..#.#...........#.#
#...............###.#.#...#.#.#..
#....##...##..g.#...[.#.#.#......
#..####.#..#...gO...).##...>.....
##.# ####....#.g@#.##.)#.........
#####.##...###.##..#[<....).....
#.......###..............####
#........#....##..........##.
#............####........###.
##........#### ##.......####
#...#...## ###......... ##..#..##
##.###...... #######
##..#........


You could see an ogre, Robin, 3 hobgoblins and 3 goblins.

Vanquished Creatures
  Grinder (D:4)
  Eustachio (D:4)
  A necrophage (D:4)
  A scorpion (D:4)
  A hound (D:4)
  2 iguanas (D:4)
  4 gnolls
  3 adders
  3 dart slugs
  2 orcs
  5 ball pythons
  4 bats
  5 endoplasms
  14 giant cockroaches
  15 goblins
  3 hobgoblins
  3 quokkas
  3 frilled lizards
  4 kobolds
  8 rats
83 creatures vanquished.

Vanquished Creatures (others)
  10 plants (D:1)
10 creatures vanquished.

Grand Total: 93 creatures vanquished

Notes
Turn   | Place    | Note
-------+----------+-------------------------------------------
     0 | D:1      | mopl the Mummy Fighter began the quest for the Orb.
     0 | D:1      | Reached XP level 1. HP: 18/18 MP: 1/1
   197 | D:1      | Reached XP level 2. HP: 23/24 MP: 2/2
   513 | D:1      | Found a faded altar of an unknown god.
   687 | D:2      | Reached skill level 2 in Unarmed Combat
   895 | D:2      | Gained mutation: You are in touch with the powers of death.
                  | [Mummy growth]
   895 | D:2      | Reached XP level 3. HP: 29/29 MP: 3/3
  1652 | D:3      | Reached XP level 4. HP: 30/35 MP: 4/4
  2174 | D:4      | Noticed Grinder
  2178 | D:4      | Paralysed by Grinder for 3 turns
  2210 | D:4      | Killed Grinder
  2211 | D:4      | Reached skill level 3 in Armour
  2211 | D:4      | Reached skill level 1 in Dodging
  2211 | D:4      | Reached skill level 3 in Shields
  2211 | D:4      | Reached skill level 3 in Unarmed Combat
  2211 | D:4      | Reached XP level 5. HP: 22/42 MP: 1/5
  2211 | D:4      | Reached XP level 6. HP: 25/48 MP: 2/6
  2571 | D:4      | Reached skill level 4 in Fighting
  2845 | D:4      | Noticed Eustachio
  2870 | D:4      | Killed Eustachio
  2871 | D:4      | Reached skill level 1 in Throwing
  2871 | D:4      | Reached skill level 2 in Dodging
  2871 | D:4      | Reached XP level 7. HP: 54/54 MP: 7/7
  2980 | D:4      | Reached skill level 4 in Unarmed Combat
  3102 | D:4      | Identified the +2 helmet of Valour {Will+ Dex+4}
  3102 | D:4      | Noticed Robin
  3154 | D:4      | Slain by an ogre

Illustrated notes

Levels and vault maps discovered:
D:1:      roderic_crop_circles_arrival_small, layout_loops_cross,
          chequers_ecumenical_altar_twisty
D:2:      minmay_roachtagon, layout_basic, minmay_misc_feat_iff
D:3:      layout_loops_ring
D:4:      nicolae_cairo_tiling_large_dashed, layout_cave_pools,
          minmay_small_thing, uniq_robin, uniq_eustachio, uniq_grinder,
          uniq_blork_the_orc

Skill      XL: |  1  2  3  4  5  6  7 |
---------------+----------------------+-----
Unarmed Combat | 2 3 4 |  4.1
Armour         | 3 |  3.5
Dodging        | 1 2 |  2.2
Shields        | 3 |  3.6
Fighting       | 4 |  4.2
Throwing       | 1 |  1.2

Action                     |  1- 3 |  4- 6 |  7- 9 || total
---------------------------+-------+-------+-------++-------
  Melee: Unarmed           |   272 |   136 |    65 ||   473
         Spear             |       |    23 |       ||    23
  Throw: Dart              |       |     7 |       ||     7
    Use: Scroll            |       |     5 |       ||     5
 Armour: Scale mail        |   108 |       |       ||   108
         Plate armour      |       |    83 |    89 ||   172
  Dodge: Dodged            |   105 |    38 |    35 ||   178
  Block: Buckler           |    57 |    30 |    30 ||   117

Table legend: (Time is in decaauts)
 A = Elapsed time spent in this place.
 B = Non-inter-level travel time spent in this place.
 C = Inter-level travel time spent in this place.
 D = Time resting spent in this place.
 E = Time spent auto-exploring this place.
 F = Levels seen in this place.
 G = Mean time per level.
                   A        B        C        D        E       F      G
               +--------+--------+--------+--------+--------+-----+--------+
         Total |   3156 |   2968 |    188 |    421 |   1658 |   4 |  789.0 |
       Dungeon |   3156 |   2968 |    188 |    421 |   1658 |   4 |  789.0 |
               +--------+--------+--------+--------+--------+-----+--------+

Top non-repeatable levels by time:
     D:3: 971 daAuts
     D:2: 786 daAuts
     D:4: 740 daAuts
     D:1: 659 daAuts
